Map: King's Cove LE

Players

MaNa - Winner!

  • Race: Protoss Protoss
  • Spawn Location: 5:00

SKillous

  • Race: Protoss Protoss
  • Spawn Location: 11:00

Event: 2019 WCS Summer

VOD

Have the link to the VOD?

Description

Time

  • Played on: July 12, 2019, 9:18 a.m.
  • Length: 14:49

All games in this series

Show
View Real Time Build Order
Export as new Build Order

MaNa Protoss - Winner!

Build Orders: Phoenix Opening 

Get SALT Encoding   

  12  0:00  Probe  
  13  0:12  Probe  
  14  0:18  Pylon  
  14  0:24  Probe  
  15  0:32  Probe  
  15  0:39  Gateway  
  15  0:40  Probe  
  16  0:47  Assimilator  
  17  0:51  Probe  
  17  0:55  Assimilator  
  18  0:59  Probe  
  19  1:07  Probe, Gateway  
  19  1:17  Probe  
  21  1:27  Cybernetics Core  
  21  1:29  Probe  
  22  1:36  Pylon  
  22  1:41  Probe  
  23  1:54  Probe  
  24  2:03  Stalker x2  
  24  2:06  Probe  
  24  2:07  Warp Gate  
  29  2:15  Pylon  
  29  2:24  Stargate  
  29  2:33  Stalker  
  31  2:40  Stalker  
  32  2:44  Probe  
  33  2:54  Pylon  
  33  3:02  Phoenix  
  33  3:08  Shield Battery  
  35  3:15  Probe  
  36  3:24  Shield Battery, Phoenix  
  37  3:27  Probe  
  39  3:49  Phoenix  
  41  3:56  Stalker x2  
  45  4:17  Probe  
  45  4:20  Nexus  
  46  4:24  Pylon  
  46  4:29  Probe  
  47  4:36  Robotics Facility  
  47  4:38  Probe  
  47  4:45  Forge  
  48  4:47  Probe  
  49  4:57  Probe  
  50  5:06  Phoenix  
  52  5:09  Probe  
  53  5:16  Sentry  
  55  5:26  Pylon  
  55  5:31  Probe, Sentry  
  55  5:35  Protoss Ground Weapons Level 1  
  58  5:39  Shield Battery  
  58  5:40  Adept  
  60  5:43  Immortal  
  60  5:44  Photon Cannon  
  64  6:01  Adept x2  
  68  6:07  Probe x2  
  70  6:19  Probe x2  
  70  6:23  Adept x2  
  76  6:31  Probe x2  
  78  6:40  Assimilator  
  78  6:44  Assimilator  
  78  6:48  Twilight Council, Pylon  
  78  6:49  Pylon  
  78  6:56  Gateway x2  
  78  6:58  Immortal  
  78  7:00  Pylon  
  78  7:06  Probe x2  
  84  7:18  Probe x2  
  86  7:30  Zealot x2  
  86  7:35  Probe  
  91  7:44  Protoss Ground Weapons Level 2  
  91  7:46  Probe  
  91  7:47  Probe, Gateway  
  91  7:49  Gateway  
  91  8:01  Zealot, Templar Archives  
  91  8:02  Adept  
  91  8:04  Probe x2  
  85  8:16  Probe x2  
  82  8:28  Probe x2  
  84  8:38  High Templar x4, Pylon  
  92  8:42  Archon x2, Nexus  
  92  8:46  Probe x2  
  94  8:57  High Templar  
  94  8:58  Probe x2  
  94  8:59  High Templar  
  100  9:06  Charge  
  100  9:08  Shield Battery, Archon, Pylon  
  100  9:10  Probe x2  
  100  9:13  Zealot x2  
  106  9:31  High Templar  
  106  9:34  Zealot x2, High Templar  
  106  9:35  Zealot  
  106  9:37  Zealot  
  118  9:39  Archon  
  106  9:56  Zealot  
  106  9:57  Zealot x3  
  89  10:05  Zealot  
  89  10:06  Zealot  
  78  10:08  Immortal  
  74  10:16  Oracle  
  74  10:17  Zealot  
  74  10:18  Zealot  
  70  10:22  High Templar x2  
  70  10:28  Archon  
  77  10:30  Probe x2  
  77  10:31  Probe  
  77  10:35  Zealot  
  82  10:36  Zealot  
  82  10:42  Shield Battery  
  84  10:43  Shield Battery  
  84  10:47  Probe x2  
  86  10:52  High Templar x2  
  86  10:56  Archon  
  90  10:57  Zealot x2  
  90  10:59  Zealot  
  90  11:00  Warp Prism  
  90  11:03  Protoss Ground Weapons Level 3  
  97  11:09  Probe x2  
  99  11:19  Probe  
  99  11:21  Probe, Assimilator  
  99  11:24  Assimilator  
  101  11:26  Probe  
  102  11:33  Zealot x3  
  108  11:43  High Templar x2  
  112  11:48  Probe  
  112  11:49  Probe  
  114  11:54  Zealot x4  
  114  11:57  Gateway  
  114  12:01  Gateway  
  122  12:14  Archon  
  122  12:20  High Templar x4, Pylon  
  122  12:22  Pylon  
  130  12:34  Archon x2  
  130  12:39  Pylon  
  130  12:40  Pylon  
  126  12:52  Zealot  
  126  12:53  Zealot x6  
  102  13:06  Zealot  
  102  13:10  Immortal  
  105  13:15  Zealot x7  
  119  13:36  High Templar x6  
  119  13:37  Zealot x2  
  133  13:41  Archon x3  
  113  14:00  Zealot x4  
  121  14:08  Zealot x2  
  121  14:09  Zealot  
  111  14:10  Zealot  
  113  14:21  High Templar x2  
  113  14:22  High Templar x2  
  121  14:25  Archon  
  121  14:26  Archon  
  121  14:28  Zealot  
  121  14:29  Zealot  
  121  14:30  Zealot x2  
  117  14:48  Zealot x3  
Show
View Real Time Build Order
Export as new Build Order

SKillous Protoss 

Build Orders: Zealot Archon 

Get SALT Encoding   

  12  0:00  Probe  
  13  0:12  Probe  
  14  0:18  Pylon  
  14  0:24  Probe  
  15  0:32  Probe  
  15  0:39  Gateway  
  15  0:41  Probe  
  16  0:46  Assimilator  
  17  0:51  Probe  
  17  0:55  Assimilator  
  18  1:03  Probe  
  19  1:09  Gateway  
  19  1:15  Probe  
  20  1:26  Cybernetics Core  
  20  1:27  Probe  
  20  1:32  Pylon  
  21  1:39  Probe  
  22  1:51  Probe  
  22  1:53  Warp Gate  
  23  2:02  Adept x2  
  23  2:06  Pylon  
  27  2:33  Sentry x2  
  31  2:41  Probe  
  31  2:43  Nexus  
  32  2:48  Robotics Facility  
  32  2:54  Probe  
  33  3:00  Stalker  
  33  3:04  Probe  
  35  3:12  Probe, Pylon  
  37  3:25  Immortal  
  39  3:43  Shield Battery  
  39  3:45  Shield Battery  
  39  3:48  Sentry  
  39  3:53  Stalker  
  43  4:08  Probe  
  45  4:10  Probe  
  45  4:11  Stalker  
  47  4:17  Stalker  
  47  4:20  Shield Battery  
  47  4:21  Shield Battery  
  49  4:24  Probe  
  49  4:27  Probe  
  51  4:33  Probe  
  51  4:36  Stalker  
  54  4:39  Probe  
  54  4:41  Probe  
  56  4:48  Pylon, Warp Prism  
  56  4:50  Probe  
  55  4:57  Probe  
  56  5:03  Probe  
  57  5:09  Probe  
  57  5:10  Stalker x2  
  62  5:15  Pylon  
  62  5:17  Probe  
  63  5:21  Probe  
  63  5:28  Probe  
  64  5:33  Probe  
  65  5:36  Probe, Twilight Council  
  65  5:39  Assimilator  
  66  5:44  Probe  
  66  5:45  Probe  
  68  5:56  Probe  
  69  5:58  Nexus  
  69  5:59  Pylon  
  69  6:00  Probe  
  69  6:02  Observer  
  71  6:08  Adept  
  74  6:16  Charge  
  71  6:31  Probe  
  68  6:37  Gateway  
  68  6:38  Gateway  
  64  6:40  Gateway  
  64  6:42  Templar Archives  
  64  6:44  Gateway  
  64  6:46  Gateway  
  58  6:47  Probe  
  58  6:50  Probe  
  60  6:59  Probe, Gateway x2  
  61  7:02  Probe  
  61  7:07  Probe, Pylon  
  62  7:09  Probe  
  62  7:14  Probe  
  62  7:15  Probe  
  65  7:17  Probe  
  65  7:18  High Templar x2  
  71  7:25  Probe  
  71  7:26  Probe  
  71  7:27  Probe  
  70  7:37  Probe, Shield Battery  
  70  7:38  Probe, Archon  
  70  7:39  Probe, Zealot x3  
  70  7:40  Zealot  
  81  7:48  Shield Battery  
  81  7:49  Probe  
  82  7:52  Adept x3  
  82  7:53  Probe  
  82  7:54  Probe  
  85  8:01  Probe  
  85  8:05  Zealot x4  
  84  8:06  Probe x2  
  84  8:12  Observer, Zealot x2  
  88  8:13  Probe  
  88  8:18  Probe x2  
  92  8:21  Zealot  
  91  8:28  Warp Prism  
  91  8:29  Pylon  
  93  8:34  High Templar x2  
  93  8:35  Sentry, High Templar x2  
  93  8:39  Pylon  
  93  8:40  Archon x2  
  102  8:44  Assimilator  
  102  8:45  Assimilator  
  100  8:50  Probe x2  
  100  8:52  Zealot x3  
  100  8:53  Zealot  
  110  9:07  Zealot  
  110  9:08  Observer, Zealot x4  
  117  9:13  Assimilator  
  116  9:17  Forge  
  116  9:18  Pylon  
  116  9:20  Pylon  
  114  9:26  Probe x3  
  117  9:33  High Templar x2  
  117  9:34  Zealot x2  
  117  9:37  Archon, Pylon  
  125  9:51  Zealot x5  
  125  9:58  Zealot x2  
  99  10:05  Protoss Ground Weapons Level 1  
  93  10:11  Zealot x5  
  93  10:12  Zealot  
  93  10:14  Immortal  
  79  10:20  Probe  
  76  10:27  High Templar x3  
  86  10:33  High Templar, Archon  
  88  10:38  Archon  
  88  10:41  High Templar  
  88  10:42  High Templar  
  92  10:43  Zealot x2  
  92  10:46  Archon  
  92  10:49  Nexus  
  96  10:53  Pylon  
  96  10:58  Photon Cannon  
  96  11:00  Photon Cannon  
  96  11:15  High Templar x2  
  100  11:20  Archon  
  100  11:21  Zealot x4  
  100  11:23  Photon Cannon, Probe  
  100  11:24  Probe  
  100  11:25  Shield Battery  
  110  11:29  Probe  
  110  11:31  Stalker, Probe  
  110  11:32  Probe  
  110  11:39  Probe  
  110  11:40  Probe  
  110  11:41  Probe  
  113  11:47  Probe  
  113  11:48  Protoss Ground Weapons Level 2  
  113  11:49  Photon Cannon  
  113  11:52  Probe  
  113  11:53  Probe  
  116  11:59  Forge  
  116  12:12  High Templar x4  
  124  12:16  Archon  
  124  12:17  Archon  
  124  12:18  High Templar x2  
  124  12:21  Probe x4  
  132  12:25  Archon  
  130  12:36  Zealot x3  
  107  13:04  Zealot x2  
  107  13:05  Zealot x3, Immortal  
  107  13:06  Zealot x4  
  115  13:18  Probe x3  
  122  13:27  High Templar x3  
  122  13:28  Zealot x5, High Templar  
  122  13:31  Archon  
  122  13:32  Archon  
  140  13:39  Assimilator  
  142  13:43  Assimilator  
  142  13:45  Pylon  
  142  13:46  Shield Battery  
  140  13:49  High Templar x3  
  140  13:52  High Templar  
  140  13:55  Archon  
  120  13:56  Zealot  
  120  13:57  Archon  
  120  14:00  Zealot x4  
  80  14:21  High Templar x2  
  80  14:22  Zealot x4  
  80  14:23  High Templar  
  89  14:25  High Templar  
  89  14:26  Archon  
  89  14:29  Archon  
  91  14:32  Zealot  
  79  14:46  Zealot x2  
Tags
 
Add a new tag
Caveats
  • Supply blocks, unpowered buildings, or Contaminate may cause inaccurate times.
  • Supply counts are checked every 10 seconds.